 Dungeon Crawl Stone Soup version 0.25-a0-591-g2ad0d861f1 (webtiles) character file.

Game seed: 18263186626436383011, levelgen mode: deterministic

7 kae the Skirmisher (level 1, -1/18 HPs)
             Began as a Demonspawn Monk on Mar 13, 2020.
             Slain by a jackal (2 damage)
             ... on level 1 of the Dungeon.
             The game lasted 00:00:18 (111 turns).

kae the Skirmisher (Demonspawn Monk)                 Turns: 111, Time: 00:00:19

Health: -1/18      AC:  2    Str: 13    XL:     1   Next: 83%
Magic:  1/1        EV: 13    Int: 11    God:
Gold:   11         SH:  0    Dex: 17    Spells: 0/0 levels left

rFire    . . .     SeeInvis +     - Unarmed
rCold    . . .     Gourm    .   (no shield)
rNeg     . . .     Faith    .   a - +0 robe
rPois    .         Spirit   .   (no helmet)
rElec    .         Reflect  .   (no cloak)
rCorr    .         Harm     .   (no gloves)
MR       .....                  (no boots)
Stlth    ++........             (no amulet)
HPRegen  0.06/turn              (no ring)
MPRegen  0.07/turn              (no ring)

@: no status effects
A: see invisible, agile 1, deterioration 1, strong 1
a: no special abilities


You were on level 1 of the Dungeon.
You were not hungry.

You visited 1 branch of the dungeon, and saw 1 of its levels.

You collected 11 gold pieces.

Inventory:

Armour
 a - a +0 robe (worn)
Scrolls
 e - a scroll of remove curse {unknown}
Comestibles
 b - a ration


   Skills:
 + Level 3.1 Fighting
 - Level 2.6 Dodging
 - Level 1.7 Stealth
 * Level 3.0 Unarmed Combat


You couldn't memorise any spells.
You didn't know any spells.
Your spell library was empty.

Dungeon Overview and Level Annotations

Branches:
Dungeon (1/15)

Altars:


Innate Abilities, Weirdness & Mutations

You have supernaturally acute eyesight. (SInv)
You are agile. (Dex +2)
Your body sometimes deteriorates upon taking damage.
Your muscles are strong. (Str +2)


Message History

You hit the jackal.
You kill the jackal!
The jackal barely misses you.
It was a potion of magic.
Magic courses through your body. The jackal barely misses you.
It was a potion of mutation.
You feel extremely strange.
You feel stronger.
You feel agile.
You feel yourself wasting away.
Your vision sharpens.
The jackal bites you but does no damage.
The jackal closely misses you.
You hit the jackal.
The jackal is heavily wounded.
The jackal barely misses you.
You hit the jackal.
The jackal is almost dead.
The jackal bites you but does no damage.
You barely miss the jackal.
The jackal is almost dead.
The jackal bites you.
You die...

######### ....... ..... .#
... ..... #.# . ......
#.#.# #@# .# ......
#.#.### #h######.##
.....###....>###hh........
...#.........##.g.........
.....###...>..............
.#.....>........).........
...#####.....##...........
..# #.......###...........
..###.......# #.##........


You could see 3 jackals and a goblin.

Vanquished Creatures
  A giant cockroach (D:1)
  2 goblins (D:1)
  A jackal (D:1)
  2 bats (D:1)
6 creatures vanquished.

Notes
Turn   | Place    | Note
-------+----------+-------------------------------------------
     0 | D:1      | kae the Demonspawn Monk began the quest for the Orb.
     0 | D:1      | Reached XP level 1. HP: 18/18 MP: 1/1
   108 | D:1      | Gained mutation: Your muscles are strong. (Str +2) [potion
                  | of mutation]
   108 | D:1      | Gained mutation: You are agile. (Dex +2) [potion of
                  | mutation]
   108 | D:1      | Gained mutation: Your body sometimes deteriorates upon
                  | taking damage. [potion of mutation]
   108 | D:1      | Gained mutation: You have supernaturally acute eyesight.
                  | (SInv) [potion of mutation]
   111 | D:1      | Slain by a jackal

Levels and vault maps discovered:
D:1:      psy_arrival_whirlpool, layout_rooms, nrook_mini_vaults

Skill      XL: |  1 |
---------------+----+-----
Unarmed Combat | 3 |  3.0
Fighting       | |  3.1
Dodging        | |  2.6
Stealth        | |  1.7

Action                   || total
-------------------------++-------
Melee: Unarmed           ||    29
  Use: Potion            ||     2
Armor: Robe              ||     4
Dodge: Dodged            ||    29

Table legend:
 A = Non-vault XP
 B = Vault XP
 C = Vault XP percentage of total XP
 D = Non-vault monster count
 E = Vault monster count
 F = Vault count percentage of total count
                 A         B        C        D         E       F
            +---------+---------+-------+---------+---------+-------
      Total |      10 |       0 |   0.0 |       6 |       0 |   0.0
            +---------+---------+-------+---------+---------+-------
        D:1 |      10 |       0 |   0.0 |       6 |       0 |   0.0
            +---------+---------+-------+---------+---------+-------
